Map: Frozen Temple

Players

SortOf - Winner!

  • Race: Zerg Zerg
  • League: Grandmaster

Guru

  • Race: Zerg Zerg
  • League: Grandmaster

VOD

Have the link to the VOD?

Description

Time

  • Played on: Oct. 30, 2016, 7:52 a.m.
  • Length: 8:00
Show
View Real Time Build Order
Export as new Build Order

SortOf Zerg - Winner!

Build Orders: Hatch First 

Get SALT Encoding   

  12  0:07  Drone  
  13  0:19  Overlord  
  13  0:21  Drone  
  14  0:38  Drone x2  
  16  0:43  Drone  
  17  0:57  Unknown, Hatchery  
  17  1:00  Drone  
  17  1:04  Drone  
  18  1:16  Spawning Pool  
  17  1:20  Extractor  
  17  1:21  Drone  
  17  1:24  Drone  
  18  1:35  Overlord  
  18  1:45  Drone  
  19  2:02  Queen  
  19  2:04  Zergling x2  
  19  2:08  Drone  
  23  2:09  Queen, Unknown  
  23  2:12  Zergling x2  
  26  2:21  Drone x2  
  28  2:29  Drone  
  29  2:31  Drone  
  30  2:40  Overlord  
  30  2:42  Drone  
  31  2:45  Queen  
  31  2:47  Lair  
  31  2:48  Evolution Chamber  
  31  2:51  Drone  
  33  2:53  Drone  
  34  3:05  Drone x2  
  36  3:08  Roach Warren  
  36  3:11  Drone  
  36  3:14  Drone x2  
  36  3:18  Zerg Missile Weapons Level 1  
  38  3:21  Drone x2  
  38  3:26  Overlord  
  40  3:29  Drone  
  40  3:30  Drone  
  40  3:33  Drone  
  43  3:38  Drone  
  44  3:41  Extractor x2  
  44  3:45  Drone x4  
  44  3:46  Drone  
  47  3:49  Glial Reconstitution  
  47  3:55  Overlord  
  47  3:57  Roach  
  47  3:58  Drone  
  49  4:03  Drone x2  
  49  4:05  Overlord  
  51  4:18  Roach  
  51  4:19  Roach  
  55  4:25  Unknown, Hatchery  
  55  4:27  Roach x2  
  55  4:31  Overlord  
  58  4:35  Roach  
  58  4:36  Roach  
  62  4:39  Overlord  
  62  4:42  Roach  
  64  4:46  Overseer  
  64  4:49  Roach  
  66  4:56  Roach x2  
  66  4:57  Roach x2  
  73  5:00  Drone x2  
  73  5:04  Drone x2  
  77  5:07  Overlord  
  77  5:11  Drone x2  
  77  5:12  Zerg Missile Weapons Level 2  
  79  5:17  Roach  
  79  5:19  Roach  
  83  5:25  Overlord  
  83  5:28  Overlord  
  83  5:29  Roach x2  
  83  5:32  Ravager  
  88  5:37  Roach x3, Unknown  
  88  5:40  Drone x2  
  96  5:43  Drone  
  96  5:49  Roach x2  
  101  5:53  Drone x2  
  101  5:55  Overlord  
  103  5:58  Drone x2  
  103  5:59  Overlord  
  105  6:04  Roach  
  105  6:05  Extractor, Roach x2  
  105  6:07  Overlord  
  110  6:11  Roach  
  110  6:12  Roach  
  110  6:14  Roach  
  110  6:15  Roach  
  110  6:18  Roach  
  120  6:19  Roach  
  120  6:23  Roach  
  124  6:29  Roach x4  
  124  6:31  Overlord  
  132  6:37  Overlord x2  
  132  6:41  Overlord  
  132  6:47  Overlord  
  132  6:55  Roach x7  
  146  7:05  Roach x2  
  151  7:08  Ravager  
  151  7:09  Ravager x2  
  151  7:11  Overlord  
  151  7:12  Roach  
  151  7:13  Roach  
  157  7:20  Roach x2  
  161  7:23  Overlord  
  143  7:38  Roach x8  
Show
View Real Time Build Order
Export as new Build Order

Guru Zerg 

Build Orders: Pool First 

Get SALT Encoding   

  12  0:01  Drone  
  13  0:12  Overlord  
  13  0:18  Drone  
  14  0:32  Drone x2  
  16  0:36  Drone  
  17  0:46  Spawning Pool  
  17  0:49  Drone  
  17  1:11  Unknown, Hatchery  
  16  1:15  Extractor, Drone  
  16  1:18  Drone  
  17  1:23  Drone  
  18  1:28  Drone  
  19  1:33  Queen  
  19  1:39  Overlord  
  21  1:50  Zergling x2  
  22  2:02  Zergling x2  
  23  2:10  Queen  
  23  2:14  Drone  
  26  2:22  Unknown  
  26  2:23  Queen  
  26  2:24  Drone x2  
  30  2:33  Drone x2  
  32  2:43  Drone x3  
  35  2:46  Drone  
  35  2:49  Lair  
  35  2:51  Overlord  
  36  3:05  Roach Warren  
  35  3:06  Evolution Chamber  
  34  3:13  Drone x4  
  34  3:15  Drone x2  
  34  3:18  Drone  
  41  3:22  Drone  
  41  3:25  Drone x2  
  44  3:33  Overlord  
  43  3:40  Extractor  
  42  3:42  Extractor  
  42  3:43  Overlord  
  42  3:46  Glial Reconstitution, Zerg Missile Weapons Level 1, Drone x2  
  43  3:48  Drone  
  43  3:52  Drone x2  
  43  3:54  Drone  
  47  3:56  Drone  
  47  3:57  Drone  
  47  4:00  Drone  
  51  4:02  Drone  
  51  4:03  Drone  
  51  4:08  Drone  
  53  4:15  Overlord  
  53  4:19  Roach x3  
  53  4:21  Overlord  
  58  4:28  Extractor  
  58  4:29  Roach  
  59  4:31  Overlord  
  59  4:34  Roach  
  59  4:35  Roach x2  
  65  4:40  Roach  
  65  4:42  Roach  
  69  4:46  Roach  
  69  4:47  Roach, Overlord  
  69  4:50  Roach  
  75  4:55  Roach x2  
  75  4:59  Roach x2  
  83  5:09  Unknown, Hatchery  
  83  5:10  Roach  
  83  5:12  Ravager  
  83  5:13  Ravager x2  
  87  5:20  Ravager  
  88  5:29  Drone x3  
  88  5:30  Overlord  
  88  5:34  Drone  
  92  5:38  Overlord  
  92  5:41  Unknown  
  92  5:45  Overlord x2  
  92  5:47  Overlord  
  92  5:53  Overlord  
  92  5:56  Roach x2  
  92  5:57  Roach  
  98  6:02  Roach  
  100  6:07  Roach  
  102  6:12  Roach x3  
  102  6:13  Roach x2  
  102  6:14  Roach  
  102  6:18  Roach  
  116  6:20  Unknown  
  116  6:28  Unknown, Drone  
  116  6:29  Roach x2  
  116  6:31  Drone  
  116  6:32  Drone  
  123  6:38  Ravager x2  
  125  6:40  Drone x3  
  125  6:43  Drone  
  125  6:44  Drone  
  130  6:47  Drone  
  130  6:53  Drone x3  
  130  6:54  Drone  
  135  6:55  Pneumatized Carapace  
  135  6:56  Overseer  
  135  6:57  Drone x2  
  137  7:04  Overlord  
  137  7:07  Roach x4  
  145  7:08  Overlord  
  145  7:10  Overlord x2  
  145  7:12  Extractor  
  144  7:17  Roach  
  144  7:21  Overlord  
  146  7:27  Roach  
  146  7:28  Roach  
  150  7:30  Roach  
  150  7:31  Roach  
  150  7:36  Roach  
  142  7:41  Roach  
Tags
 
Add a new tag
Caveats
  • Supply blocks, unpowered buildings, or Contaminate may cause inaccurate times.
  • Supply counts are checked every 10 seconds.